Map: Abyssal Reef LE

Players

Harstem - Winner!

  • Race: Protoss Protoss
  • Spawn Location: 5:00

Neuro

  • Race: Zerg Zerg
  • Spawn Location: 11:00

Event: WCS Austin 2017

VOD

Have the link to the VOD?

Description

Time

  • Played on: April 28, 2017, 2:57 p.m.
  • Length: 6:29

All games in this series

Show
View Real Time Build Order
Export as new Build Order

Harstem Protoss - Winner!

Build Orders: 1 Gate Expand, Zealot Archon, Dark Templar Rush 

Get SALT Encoding   

  12  0:01  Probe (Chrono Boost)  
  13  0:11  Probe (Chrono Boost)  
  14  0:20  Pylon  
  14  0:22  Probe (Chrono Boost)  
  15  0:38  Probe (Chrono Boost)  
  15  0:40  Gateway  
  16  0:49  Probe (Chrono Boost)  
  17  0:50  Assimilator  
  17  0:59  Probe (Chrono Boost)  
  18  1:10  Probe (Chrono Boost)  
  19  1:20  Probe (Chrono Boost)  
  20  1:28  Nexus  
  20  1:34  Cybernetics Core  
  20  1:38  Probe (Chrono Boost)  
  21  1:45  Assimilator  
  21  1:48  Probe (Chrono Boost)  
  21  1:52  Pylon  
  22  1:59  Probe (Chrono Boost)  
  23  2:07  Stalker  
  23  2:11  Warp Gate  
  23  2:12  Probe (Chrono Boost)  
  27  2:24  Probe (Chrono Boost)  
  27  2:26  Twilight Council  
  27  2:34  Adept  
  27  2:36  Probe (Chrono Boost)  
  30  2:40  Probe (Chrono Boost)  
  31  2:48  Probe (Chrono Boost)  
  31  2:51  Probe (Chrono Boost)  
  33  2:58  Robotics Facility, Probe (Chrono Boost)  
  33  3:01  Probe (Chrono Boost)  
  35  3:09  Probe (Chrono Boost)  
  35  3:12  Probe (Chrono Boost)  
  37  3:19  Probe (Chrono Boost)  
  38  3:25  Dark Shrine  
  38  3:26  Gateway  
  38  3:29  Probe (Chrono Boost)  
  38  3:31  Probe (Chrono Boost)  
  40  3:36  Pylon  
  40  3:37  Gateway  
  41  3:42  Probe (Chrono Boost)  
  43  3:50  Mothership Core (Chrono Boost)  
  43  3:52  Warp Prism  
  43  3:53  Probe (Chrono Boost)  
  44  3:56  Pylon  
  46  4:08  Probe (Chrono Boost)  
  47  4:15  Probe (Chrono Boost)  
  47  4:16  Assimilator  
  48  4:18  Probe (Chrono Boost)  
  48  4:19  Assimilator  
  48  4:22  Pylon  
  49  4:26  Probe (Chrono Boost)  
  49  4:29  Probe (Chrono Boost)  
  49  4:30  Warp Prism  
  53  4:37  Probe (Chrono Boost)  
  54  4:39  Probe (Chrono Boost)  
  54  4:42  Pylon  
  55  4:47  Probe (Chrono Boost), Dark Templar x3  
  55  4:50  Probe (Chrono Boost)  
  63  4:58  Probe (Chrono Boost)  
  64  5:05  Probe (Chrono Boost)  
  65  5:11  Probe (Chrono Boost)  
  66  5:19  Dark Templar x3  
  72  5:22  Nexus  
  72  5:24  Pylon  
  72  5:37  Probe x2 (Chrono Boost)  
  74  5:47  Probe (Chrono Boost)  
  74  5:48  Forge, Probe (Chrono Boost)  
  76  5:51  Pylon  
  76  5:54  Dark Templar x3  
  82  5:58  Probe x2 (Chrono Boost)  
  84  6:07  Archon  
  84  6:08  Probe (Chrono Boost)  
  84  6:10  Probe (Chrono Boost)  
  86  6:14  Pylon  
  86  6:15  Gateway  
  90  6:18  Gateway  
Show
View Real Time Build Order
Export as new Build Order

Neuro Zerg 

Build Orders: Hatch First 

Get SALT Encoding   

  12  0:01  Drone  
  13  0:13  Overlord  
  13  0:17  Drone  
  14  0:31  Drone x2  
  14  0:34  Drone  
  17  0:53  Hatchery  
  17  0:55  Drone  
  17  0:58  Drone  
  18  1:10  Extractor  
  17  1:13  Spawning Pool  
  17  1:16  Drone  
  17  1:19  Drone  
  18  1:29  Drone  
  19  1:40  Overlord  
  19  1:49  Drone  
  20  1:59  Queen  
  20  2:01  Drone  
  23  2:04  Queen  
  23  2:05  Drone  
  26  2:09  Metabolic Boost  
  26  2:13  Drone  
  27  2:18  Drone  
  28  2:24  Zergling x2  
  29  2:30  Drone  
  29  2:33  Drone  
  31  2:43  Overlord  
  31  2:45  Drone  
  31  2:50  Hatchery  
  31  2:51  Overlord  
  31  2:56  Overlord  
  31  3:04  Evolution Chamber  
  30  3:09  Zergling x8  
  30  3:12  Drone x2  
  36  3:18  Zergling x6  
  38  3:23  Zergling x4  
  40  3:33  Drone x2  
  42  3:35  Queen  
  44  3:41  Overlord x2  
  44  3:50  Zerg Melee Weapons Level 1  
  44  3:56  Overlord  
  44  4:02  Drone x4  
  48  4:04  Drone  
  48  4:07  Drone  
  50  4:11  Drone  
  50  4:15  Drone x2  
  50  4:16  Queen  
  53  4:19  Queen  
  57  4:29  Drone x6  
  62  4:34  Extractor  
  61  4:42  Spore Crawler, Baneling Nest  
  61  4:44  Spore Crawler  
  57  4:54  Spore Crawler  
  57  4:58  Drone x3  
  59  5:10  Spore Crawler  
  56  5:14  Drone x2  
  56  5:15  Drone x11  
  56  5:20  Lair, Overlord  
  65  5:29  Zergling x2  
  65  5:30  Zergling x4  
  61  5:35  Zergling x6  
  61  5:40  Zergling x10  
  67  5:47  Extractor  
  67  5:48  Drone x3, Extractor  
  67  5:58  Zergling x4  
  53  6:05  Zergling x2  
  53  6:08  Zergling x2  
Tags
 
Add a new tag
Caveats
  • Supply blocks, unpowered buildings, or Contaminate may cause inaccurate times.
  • Supply counts are checked every 10 seconds.